Map: Сумеречные башни

Players

NextRim - Winner!

  • Race: Protoss Protoss
  • League: Diamond

GPF

  • Race: Terran Terran
  • League: Platinum

VOD

Have the link to the VOD?

Description

Time

  • Played on: Nov. 12, 2015, 12:44 p.m.
  • Length: 10:21
Show
View Real Time Build Order
Export as new Build Order

NextRim Protoss - Winner!

Build Orders: Zealot Archon 

Get SALT Encoding   

  12  0:01  Probe (Chrono Boost)  
  13  0:11  Probe (Chrono Boost)  
  14  0:19  Pylon  
  14  0:22  Probe (Chrono Boost)  
  15  0:38  Probe (Chrono Boost), Gateway  
  16  0:48  Probe (Chrono Boost)  
  16  0:49  Assimilator  
  17  0:56  Assimilator  
  17  0:59  Probe (Chrono Boost)  
  18  1:09  Probe (Chrono Boost)  
  18  1:10  Gateway  
  19  1:22  Probe (Chrono Boost)  
  19  1:26  Cybernetics Core  
  19  1:33  Pylon  
  19  1:37  Probe (Chrono Boost)  
  20  1:48  Probe (Chrono Boost)  
  21  1:58  Probe (Chrono Boost)  
  22  2:02  Warp Gate (Chrono Boost)  
  22  2:03  Adept x2  
  26  2:10  Mothership Core  
  28  2:19  Pylon  
  28  2:30  Adept  
  30  2:37  Adept  
  32  2:50  Probe  
  33  3:00  Nexus  
  33  3:08  Probe  
  34  3:20  Probe  
  35  3:28  Stalker  
  35  3:29  Stalker  
  39  3:59  Pylon  
  39  4:00  Pylon  
  39  4:03  Robotics Facility  
  39  4:12  Probe  
  40  4:24  Probe x2  
  42  4:32  Twilight Council  
  42  4:34  Gateway  
  42  4:36  Gateway, Probe  
  43  4:46  Probe (Chrono Boost)  
  43  4:48  Probe (Chrono Boost)  
  45  5:09  Observer  
  45  5:12  Forge  
  45  5:13  Blink (Chrono Boost)  
  46  5:17  Probe x2 (Chrono Boost)  
  46  5:19  Templar Archives  
  48  5:28  Probe x2 (Chrono Boost)  
  50  5:30  Pylon, Protoss Ground Armor Level 1  
  50  5:38  Probe (Chrono Boost)  
  50  5:39  Probe (Chrono Boost)  
  50  5:41  Pylon  
  52  5:43  Pylon  
  52  5:46  Warp Prism  
  52  5:49  Probe  
  55  5:51  Probe  
  55  5:56  Assimilator  
  56  5:59  Psionic Storm  
  56  6:01  Probe, Assimilator  
  56  6:03  Probe  
  58  6:04  High Templar  
  60  6:13  Probe  
  60  6:15  Probe  
  63  6:25  Probe  
  63  6:26  High Templar  
  63  6:27  Probe  
  55  6:46  Archon  
  54  6:58  Probe  
  54  6:59  Probe  
  56  7:10  Probe  
  56  7:11  Probe  
  56  7:14  High Templar  
  60  7:23  Probe x2  
  60  7:29  Nexus  
  62  7:30  Pylon  
  62  7:35  Probe x2  
  64  7:49  Probe x2  
  66  7:55  Pylon, High Templar  
  66  7:56  Pylon  
  68  8:01  Probe, Gateway  
  68  8:03  Gateway  
  68  8:05  Stalker, Gateway, Pylon  
  71  8:06  Stalker x2  
  71  8:07  Pylon  
  71  8:12  Observer  
  76  8:19  Probe x2  
  78  8:20  Pylon  
  78  8:21  Pylon  
  78  8:31  Probe x2  
  80  9:03  High Templar x2  
  80  9:04  Probe, High Templar  
  80  9:06  Probe x2  
  89  9:18  Probe  
  82  9:25  Probe  
  82  9:27  Probe  
  82  9:31  Zealot x4  
  86  9:34  Probe, Assimilator  
  86  9:36  Probe  
  94  9:39  Probe, Assimilator  
  94  9:42  Zealot x3  
  101  9:46  Probe  
  101  9:49  Observer  
  103  10:05  Zealot x5  
  103  10:06  Zealot x2  
Show
View Real Time Build Order
Export as new Build Order

GPF Terran 

Build Orders: Reaper Expand, MMM Bio 

Get SALT Encoding   

  12  0:01  SCV  
  13  0:13  SCV  
  14  0:19  Supply Depot  
  14  0:25  SCV  
  15  0:40  SCV  
  15  0:41  Barracks  
  16  0:44  Refinery  
  16  0:52  SCV  
  17  1:04  SCV  
  18  1:16  SCV  
  19  1:28  Command Center  
  19  1:33  Reaper  
  20  1:42  Orbital Command  
  20  1:55  Supply Depot  
  20  2:07  SCV  
  21  2:10  Barracks Reactor  
  21  2:12  Barracks  
  21  2:20  SCV  
  21  2:21  Barracks  
  22  2:32  SCV  
  23  2:43  Orbital Command  
  22  2:46  Marine x2  
  22  2:49  SCV  
  22  2:50  Bunker  
  25  2:59  Barracks Tech Lab  
  25  3:01  SCV  
  25  3:04  Marine x2  
  28  3:08  Factory  
  27  3:14  Barracks Tech Lab  
  27  3:20  Stimpack  
  27  3:22  Marine x2  
  27  3:24  Refinery  
  29  3:32  Marine x2  
  31  3:34  SCV  
  31  3:40  Marine x2  
  34  3:50  Marine x2  
  34  3:57  Marine  
  34  3:59  Supply Depot  
  34  4:00  Supply Depot  
  35  4:03  SCV  
  35  4:04  SCV  
  37  4:18  SCV  
  37  4:21  SCV, Marauder x2  
  43  4:32  SCV  
  43  4:33  SCV  
  43  4:35  Factory Reactor  
  43  4:37  Starport  
  44  4:42  Supply Depot  
  44  4:45  Concussive Shells  
  43  4:46  SCV x2  
  44  4:58  SCV  
  44  4:59  SCV  
  44  5:10  SCV  
  44  5:11  SCV  
  46  5:15  Supply Depot  
  46  5:17  Engineering Bay  
  46  5:21  Medivac x2  
  46  5:23  Marine x2  
  46  5:24  Marine  
  46  5:27  SCV  
  54  5:29  SCV  
  54  5:33  Marine  
  54  5:35  Combat Shields  
  56  5:39  SCV  
  56  5:42  Marine x3  
  60  5:48  Refinery  
  60  5:51  SCV x2  
  60  5:52  Bunker  
  62  6:00  Marine x3  
  62  6:01  Terran Infantry Weapons Level 1  
  62  6:03  Marine  
  66  6:05  Supply Depot  
  66  6:07  Supply Depot  
  66  6:08  SCV  
  66  6:10  SCV  
  68  6:17  Marine  
  68  6:18  Marine  
  70  6:26  Marine  
  70  6:27  SCV x2  
  63  6:56  Marauder x2, Marine x2  
  63  6:58  Widow Mine, Medivac x2  
  75  7:01  SCV x2  
  75  7:05  Command Center  
  74  7:14  Marine x2  
  76  7:17  Marine  
  76  7:19  SCV x2  
  76  7:20  Refinery  
  79  7:26  Widow Mine  
  78  7:31  Barracks  
  78  7:33  Barracks  
  77  7:49  Marine x3  
  77  7:50  Marine  
  77  7:51  Medivac  
  83  7:53  SCV  
  84  8:04  SCV  
  85  8:06  SCV  
  86  8:15  Supply Depot  
  86  8:16  Supply Depot, Orbital Command, Marine x2  
  86  8:17  SCV  
  86  8:18  Supply Depot  
  89  8:22  Terran Infantry Armor Level 1  
  89  8:28  Armory  
  89  8:29  SCV x2  
  89  8:33  Marine x2  
  93  8:36  Barracks Reactor, Barracks Tech Lab  
  90  8:53  Orbital Command  
  90  9:03  Marine x2  
  90  9:04  Marine x3  
  90  9:07  Medivac x2, Widow Mine  
  101  9:21  Marine x2  
  103  9:27  SCV  
  103  9:28  SCV x2  
  103  9:29  Marine x5  
  111  9:32  Engineering Bay  
  111  9:39  SCV, Marine x2  
  111  9:44  Medivac x2  
  118  9:46  Marine  
  118  9:47  Marine  
  120  9:54  Marauder  
  120  9:55  Marauder x2  
  125  10:01  Marine  
  125  10:02  Marine  
  122  10:08  SCV  
  122  10:09  SCV x2  
  122  10:10  Factory Reactor  
  125  10:14  Supply Depot  
Tags
 
Add a new tag
Caveats
  • Supply blocks, unpowered buildings, or Contaminate may cause inaccurate times.
  • Supply counts are checked every 10 seconds.